Unix NetHack Version 5.0.0-0 post-release - last build May 23 2026 06:08:33 (1c0ff79ee797540d5714e4e18072db0edd9e58ae,branch:main).

Game began 2026-05-27 17:12:30, ended 2026-05-27 18:05:25.

Barrb, neutral female human Barbarian

                       ----                             ---           ----
      --                ..--                         ----.|      ------..---
      |.----           -...#-      -                 |<...|     --..--.....|
      |...|.------------..^.-- --  ....-             |....|  ---->..`..|..--
      |................&.).............|             --...| --.......------
      |..*....----------@..............-              |...| |)..[....|
      |-......).---    --.--- ..........|             ---.| |........|
      |...........|      --   -   .....--              |..| |......|.|
     --...........--                 ---               |..| |..*...|.|
     |.............------                      ----    |..|----....|.|
     --..|.--.........|.|                    --.|.-    |..|......--|.----
      -------...........--                  --....   ---..|.---..| |....----
 --------................-----             --...--  ||....|..|---- --......|
 |.....................-.....|--------------........||.--....|      |.+....---
 |..--..--------.--.....--...|-...%).^.........-     |.|--...|      |........|
 --------   |....||.....|--..|...-------.......-------.----.--      -........|
            |....----.--- --.|..--     --...............-----      -........--
            --....| ---    |....|       --.--..------....|        |..*....---
             ------        ------        -------    ---.--        |..|.|..|
                                                       --         ---------
Barrb the Bandit           St:18/01 Dx:17 Co:17 In:7 Wi:10 Ch:7  Neutral
Dlvl:9  $:254 HP:0(67) Pw:32(32) AC:0  Xp:7 T:4487 

Latest messages:
 You finish eating the gnome corpse.
 What do you want to zap? [gtGUV or ?*] g
 A cockatrice suddenly appears next to you!
 You smite the cockatrice!
 You kill the cockatrice!
 What do you want to zap? [gtGUV or ?*] U
 In what direction? 6
 The mountain nymph vanishes!
 It screams!
 Someone deliberately jumps onto a polymorph trap!
 The gnome turns into a vrock!
 What do you want to zap? [gtGUV or ?*] t
 The vrock hits!
 The vrock hits again!
 The vrock hits again!
 The vrock hits again!
 The vrock bites!
 What do you want to zap? [gtGUV or ?*] V
 In what direction? 9
 A vrock appears in a cloud of smoke!
 The vrock hits!
 The vrock hits again!
 The vrock hits again!
 The vrock hits again!
 The vrock bites!
 You smite the vrock!
 You smite the vrock!
 The vrock hits!
 The vrock hits again!
 The vrock hits again!
 The vrock just misses!
 The vrock bites!
 The vrock hits!
 The vrock hits again!
 The vrock misses!
 The vrock misses!
 The vrock misses!
 You kill the vrock!
 You miss the vrock.
 The vrock misses!
 The vrock hits!
 The vrock hits again!
 The vrock misses!
 The vrock bites!
 You miss the vrock.
 The vrock hits!
 The vrock misses!
 The vrock hits!
 You die...
 Do you want your possessions identified? [ynq] (y) q

Inventory:
 Coins    ('$')
  $ - 254 gold pieces
 Weapons  (')')
  k - 12 blessed +3 darts (at the ready)
  j - 30 +0 darts
  d - 3 poisoned +0 darts
  b - a +0 axe (alternate weapon; not wielded)
  a - a +0 two-handed sword (weapon in hands)
 Armor    ('[')
  R - an uncursed +0 dwarvish iron helm (being worn)
  O - an uncursed +0 pair of kicking boots (being worn)
  z - an uncursed +0 leather cloak (being worn)
  T - an uncursed +0 dwarvish mithril-coat (being worn)
 Comestibles  ('%')
  x - an uncursed cream pie
  Z - an uncursed food ration
  f - an uncursed tripe ration
  N - an uncursed tripe ration
 Scrolls  ('?')
  q - a blessed scroll of blank paper
  n - an uncursed scroll of blank paper
  F - 2 uncursed scrolls of create monster
  h - an uncursed scroll of enchant weapon
  o - an uncursed scroll of gold detection
  M - an uncursed scroll of magic mapping
  C - an uncursed scroll of remove curse
 Potions  ('!')
  e - an uncursed potion of fruit juice
 Wands    ('/')
  g - a wand of create monster (0:10)
  V - a wand of digging (0:3)
  G - a wand of make invisible (0:4)
  t - a wand of stasis (0:2)
  U - a wand of teleportation (0:4)
 Tools    ('(')
  W - an empty uncursed sack
  c - an uncursed blindfold
  Q - a +0 pick-axe
  A - an uncursed skeleton key
  B - an uncursed partly used tallow candle
  l - a cursed tin whistle
  J - a tinning kit (0:88)
 Gems/Stones  ('*')
  Y - an uncursed dilithium crystal
  X - an uncursed fluorite stone
  L - an uncursed worthless piece of yellow glass

Barrb the Barbarian's attributes:

Background:
 You were a Bandit, a level 7 female human Barbarian.
 You were neutral, on a mission for Crom
 who was opposed by Mitra (lawful) and Set (chaotic).
 You were left-handed.
 You were in the Gnomish Mines, on level 9.
 You entered the dungeon 4487 turns ago.
 You had 1135 experience points, 145 more were needed to attain level 8.

Basics:
 You had 0 out of 67 hit points.
 You had all 32 energy points (spell power).
 Your armor class was 0.
 Your wallet contained 254 zorkmids.
 Autopickup was off.

Final Characteristics:
 Your strength was 18/01 (limit:18/100).
 Your dexterity was 17 (limit:18).
 Your constitution was 17 (limit:18).
 Your intelligence was 7 (limit:18).
 Your wisdom was 10 (limit:18).
 Your charisma was 7 (limit:18).

Final Status:
 You weren't hungry.
 You were unencumbered.
 You were wielding a two-handed sword.
 You were skilled in two-handed sword.

Final Attributes:
 You were piously aligned.
 You were poison resistant.
 You were guarded.
 You were fast.
 You were unlucky.
 You are dead.

Miscellaneous:
 You didn't encounter any bones levels.
 Total elapsed playing time was 52 minutes and 53 seconds.

Major events:
 Turn
    1: Barrb the neutral female human Barbarian entered the dungeon
 1499: attained the rank of Pillager (level 3)
 1835: entered the Gnomish Mines
 3097: attained the rank of Bandit (level 6)
 3277: reached Mine Town
 4487: killed by a vrock

You didn't know any spells.

Skills:
 Fighting Skills
   bare handed combat [Basic]
   two weapon combat  [Unskilled]
   riding             [Unskilled]
 Weapon Skills
   dagger             [Unskilled]
   axe                [Basic]
   pick-axe           [Unskilled]
   short sword        [Unskilled]
   broadsword         [Unskilled]
   long sword         [Unskilled]
   two-handed sword   [Skilled]
   saber              [Unskilled]
   club               [Unskilled]
   mace               [Unskilled]
   morning star       [Unskilled]
   flail              [Unskilled]
   hammer             [Unskilled]
   quarterstaff       [Unskilled]
   spear              [Unskilled]
   trident            [Unskilled]
   bow                [Unskilled]
 Spellcasting Skills
   attack spells      [Unskilled]
   escape spells      [Unskilled]

Voluntary challenges:
 Character rerolling was not enabled.
 You never genocided any monsters.
 You never polymorphed an object.
 You never changed form.
 You used no wishes.
Achievements:
 You attained the rank of Pillager.
 You entered the Gnomish Mines.
 You attained the rank of Bandit.
 You entered Minetown.
 You entered a shop.
 You entered a temple.

 The Dungeons of Doom: levels 1 to 5
    Level 1:
    Level 2:
       A grave.
    Level 3:
       Some fountains, a grave.
    Level 4:
       An altar to Crom, a fountain.
       Stairs down to The Gnomish Mines.
    Level 5:
 The Gnomish Mines: levels 5 to 9
    Level 5:
    Level 6:
    Level 7:
       Many shops, a temple and an altar, some fountains.
    Level 8:
    Level 9: <- You were here.
       Final resting place for
          you, killed by a vrock.


Vanquished creatures:
  a vrock
  a cockatrice
  a giant spider
  a horse
 an orc mummy
  a dog
  a rope golem
  a fog cloud
  2 yellow lights
  7 gnome leaders
  2 gnomish wizards
  a kobold mummy
  a gray ooze
  a ghoul
  2 floating eyes
  a kitten
  7 dwarves
  2 homunculi
  4 kobold shamans
  4 hill orcs
 an orc zombie
  a dwarf zombie
  4 iguanas
  a killer bee
  a gas spore
  a hobbit
 40 gnomes
  a gnome zombie
  2 geckos
  5 jackals
  a fox
  a kobold
  a goblin
  2 sewer rats
  8 grid bugs
  5 bats
  2 lichens
  3 kobold zombies
  7 newts
129 creatures vanquished.

No species were genocided or became extinct.

Game over:
                       ----------
                      /          \
                     /    REST    \
                    /      IN      \
                   /     PEACE      \
                  /                  \
                  |      Barrb       |
                  |      254 Au      |
                  |   killed by a    |
                  |      vrock       |
                  |                  |
                  |                  |
                  |       2026       |
                 *|     *  *  *      | *
        _________)/\\_//(\/(/\)/\//\/|_)_______

Goodbye Barrb the Barbarian...

You died in The Gnomish Mines on dungeon level 9 with 5229 points,
and 254 pieces of gold, after 4487 moves.
You were level 7 with a maximum of 67 hit points when you died.

